 Dungeon Crawl Stone Soup version 0.24.0-13-gcf9b319 (webtiles) character file.

Game seed: 4721317175248917260, levelgen mode: deterministic

10198 ubername the Slicer (level 11, -2/151 HPs)
             Began as a Minotaur Berserker on May 24, 2020.
             Was a High Priest of Trog.
             Slain by an orc warrior
             ... wielding the cursed +1 battleaxe "Impbane" {chop, rN+}
              (4 damage)
             ... on level 9 of the Dungeon on May 25, 2020.
             The game lasted 00:21:41 (10738 turns).

ubername the Slicer (Minotaur Berserker)           Turns: 10738, Time: 00:21:42

Health: -2/151     AC: 14    Str: 33    XL:     11   Next: 33%
Magic:  10/10      EV: 11    Int:  4    God:    Trog [*****.]
Gold:   933        SH:  0    Dex: 11    Spells: 10/10 levels left

rFire    . . .     SeeInvis .   A - +5 scimitar (flame)
rCold    . . .     Gourm    .   (no shield)
rNeg     . . .     Faith    .   k - +1 chain mail
rPois    .         Spirit   .   (helmet restricted)
rElec    .         Reflect  .   t - +0 cloak
rCorr    .         Harm     .   (no gloves)
MR       .....                  (no boots)
Stlth    ..........             (no amulet)
HPRegen  0.35/turn              w - +4 ring of strength
MPRegen  0.12/turn              (no ring)

@: berserking (expiring), very quick
A: retaliatory headbutt, horns 2
a: Berserk, Trog's Hand, Brothers in Arms, Renounce Religion


You were on level 9 of the Dungeon.
You worshipped Trog.
Trog was extremely pleased with you.
You were not hungry.

You visited 2 branches of the dungeon, and saw 10 of its levels.
You also visited: Ossuary.

You collected 933 gold pieces.

Inventory:

Hand Weapons
 n - a +4 antimagic rapier
 A - a +5 scimitar of flaming (weapon)
 C - a cursed +2 battleaxe of flaming
 D - a cursed +3 falchion
 E - a +0 hand crossbow
 H - a +0 arbalest
 I - a +3 dagger of chaos
 J - a +3 war axe of draining
Missiles
 p - 5 silver boomerangs (quivered)
 y - 73 stones
Armour
 k - a +1 chain mail (worn)
 t - a +0 cloak (worn)
Magical Staves
 a - an uncursed staff of poison {unknown}
Jewellery
 w - a +4 ring of strength (left hand)
Wands
 o - a wand of polymorph (9)
 q - a wand of digging (13)
 x - a wand of iceblast (8)
Scrolls
 b - 2 scrolls of enchant armour
 g - 9 scrolls of remove curse
 i - 4 scrolls of identify
 j - 3 scrolls of teleportation
 u - 3 scrolls of amnesia
 z - a scroll of fear
 B - a scroll of blinking
 G - a scroll of torment {unknown}
Potions
 d - 3 potions of curing
 e - a potion of invisibility
 f - a potion of brilliance
 h - 2 potions of heal wounds
 l - 2 potions of berserk rage
 m - 3 potions of agility
 s - a potion of haste
Comestibles
 c - 18 rations
 L - 5 chunks of flesh


   Skills:
 + Level 10.3 Fighting
 + Level 12.4(12.6) Short Blades
 + Level 4.0(9.7) Long Blades
 + Level 1.3 Throwing
 + Level 11.5 Armour
 + Level 5.2 Dodging
 + Level 1.2 Stealth


You had 10 spell levels left.
You didn't know any spells.
Your spell library contained the following spells:

 Spells                   Type           Power        Failure   Level  Hunger
 Confusing Touch          Hex            #.....       88%         1    ##.....
 Freeze                   Ice            #...         88%         1    ##.....
 Throw Frost              Conj/Ice       #.....       96%         2    ###....
 Confuse                  Hex            #.......     99%         3    ####...
 Gell's Gravitas          Tloc           #.........   99%         3    ####...
 Ozocubu's Armour         Chrm/Ice       #.......     99%         3    ####...
 Petrify                  Tmut/Erth      #.......     100%        4    #####..
 Summon Ice Beast         Ice/Summ       #.......     100%        4    #####..
 Throw Icicle             Conj/Ice       #.......     100%        4    #####..
 Metabolic Englaciation   Hex/Ice        #.........   100%        5    ######.
 Yara's Violent Unravell  Hex/Tmut       #.........   100%        5    ######.


Dungeon Overview and Level Annotations

Branches:
Dungeon (9/15)             Temple (0/1) D:7            Lair (1/6) D:8
Ossuary (visited)
    Orc: D:9-12

Altars:
Ashenzari
Dithmenos
Gozag
Kikubaaqudgha
Wu Jian
Xom
Yredelemnul
Beogh


Innate Abilities, Weirdness & Mutations

You reflexively headbutt those who attack you in melee.
You have a pair of horns on your head.


Message History

Platt's ghost is severely damaged.
Platt's ghost hits you!!
* * * LOW HITPOINT WARNING * * *
You slash Platt's ghost! You burn Platt's ghost.
Platt's ghost is almost destroyed.
You barely miss Platt's ghost.
You headbutt Platt's ghost, but do no damage.
Platt's ghost is almost destroyed.
Platt's ghost hits you!
* * * LOW HITPOINT WARNING * * *
You closely miss Platt's ghost. Your headbutt misses Platt's ghost.
Platt's ghost is almost destroyed.
Platt's ghost closely misses you.
You riposte.
You slice Platt's ghost!! You burn Platt's ghost.
You destroy Platt's ghost!
Trog accepts your kill.
Your base Long Blades skill increases to level 4!
You are too berserk!
The orc warrior hits you with the cursed +1 battleaxe "Impbane" {chop, rN+}.
You die...

.......#####.###.#..#8..
<......# #.....#..##..
)......# #..##.#.#....
.##.#### #.....'.#....
..#.# #))#.oo.#.8._
.##.########֠##ooo#...[
###.##.....)..##o#o#....
# #.##.#####.###o#o.##..
# #.....# #.# #@#..#8..
# ####..# #.# #.#..##..
# #..# #.###.#.[...8
######..# #....8#######
........#######.#.#
##................#
#[####.#######...# #.#
.# #...# #.# .. ....#


You could see 3 orc warriors, an orc priest and 5 orcs.

Vanquished Creatures
  Erica (D:8)
  A two-headed ogre (D:8)
  The ghost of Platt the Cleaver, a novice MiBe of Trog (D:9)
  Pikel (D:7)
  Psyche (D:9)
  A hornet (D:9)
  A basilisk (D:8)
  11 yaks
  Grum (D:9)
  A steam dragon (D:8)
  Menkaure (D:7)
  2 porcupines (D:8)
  A phantom (D:7)
  2 ice beasts
  4 orc warriors
  2 ogres
  3 sky beasts
  A slave (D:7)
  3 centaurs
  6 wolves
  3 big kobolds
  3 crocodiles
  Blork the orc (D:6)
  4 elf zombies (Ossuary)
  5 bullfrogs
  7 scorpions
  4 wights
  3 crimson imps
  6 orc priests
  A centaur skeleton (D:7)
  A centaur zombie (D:7)
  A gnoll shaman (D:8)
  5 hounds
  A bullfrog skeleton (D:4)
  2 human zombies (Ossuary)
  3 jellies
  3 iguanas
  9 orc wizards
  4 worker ants
  2 killer bee zombies (D:6)
  3 big kobold zombies (Ossuary)
  A hound zombie (Ossuary)
  3 mummies (Ossuary)
  A worker ant zombie (D:7)
  5 gnolls (D:8)
  12 adders
  3 shadow imps
  An ooze (D:4)
  3 adder zombies (Ossuary)
  An adder skeleton (D:8)
  3 dart slugs (D:1)
  4 leopard geckos
  27 orcs
  7 bats
  6 giant cockroaches
  5 goblins
  8 hobgoblins
  16 jackals
  10 quokkas
  3 frilled lizards
  A gnoll zombie (Ossuary)
  9 goblin zombies (Ossuary)
  2 hobgoblin zombies (Ossuary)
  A jackal skeleton (D:7)
  3 jackal zombies
  14 kobolds
  A kobold zombie (Ossuary)
  A leopard gecko zombie (D:7)
  2 quokka skeletons
  5 quokka zombies
  10 rats
  5 rat zombies (Ossuary)
289 creatures vanquished.

Vanquished Creatures (others)
  A kobold (D:8)
  2 plants (D:8)
3 creatures vanquished.

Grand Total: 292 creatures vanquished

Notes
Turn   | Place    | Note
-------+----------+-------------------------------------------
     0 | D:1      | ubername the Minotaur Berserker began the quest for the
                  | Orb.
     0 | D:1      | Reached XP level 1. HP: 19/19 MP: 0/0
   168 | D:1      | Reached XP level 2. HP: 25/27 MP: 1/1
   917 | D:1      | Reached XP level 3. HP: 33/33 MP: 2/2
   983 | D:2      | Reached ** piety under Trog
   991 | D:2      | Reached skill level 4 in Short Blades
   991 | D:2      | Reached XP level 4. HP: 5/41 MP: 3/3
  2303 | D:4      | Reached XP level 5. HP: 45/47 MP: 4/4
  2331 | D:4      | Reached *** piety under Trog
  2364 | D:4      | Found a shadowy altar of Dithmenos.
  2683 | D:4      | Reached skill level 5 in Fighting
  2956 | D:5      | Entered Level 5 of the Dungeon
  3364 | D:5      | Reached XP level 6. HP: 56/56 MP: 5/5
  3367 | D:5      | Reached skill level 5 in Armour
  3583 | D:5      | Noticed a sky beast
  3595 | D:5      | Killed a sky beast
  3595 | D:5      | Reached skill level 5 in Short Blades
  3894 | D:5      | Reached XP level 7. HP: 52/61 MP: 6/6
  4287 | D:6      | Noticed Blork the orc
  4292 | D:6      | Killed Blork the orc
  4292 | D:6      | Reached skill level 6 in Short Blades
  4685 | D:6      | Reached skill level 1 in Long Blades
  4739 | D:6      | Reached XP level 8. HP: 66/70 MP: 7/7
  5028 | D:6      | Reached **** piety under Trog
  5249 | D:6      | Reached skill level 7 in Short Blades
  5440 | D:7      | Found an opulent altar of Gozag.
  5444 | D:7      | Noticed Menkaure
  5453 | D:7      | Killed Menkaure
  5796 | D:7      | Reached skill level 8 in Short Blades
  5891 | D:7      | Found an ornate altar of the Wu Jian Council.
  6193 | D:7      | Reached XP level 9. HP: 79/79 MP: 8/8
  6211 | D:7      | Reached skill level 9 in Short Blades
  6475 | D:7      | Found a staircase to the Ecumenical Temple.
  6909 | D:7      | Reached skill level 1 in Stealth
  7035 | D:7      | Noticed Pikel
  7055 | D:7      | Killed Pikel
  7065 | D:7      | Reached skill level 10 in Short Blades
  7305 | D:8      | Found a shimmering altar of Xom.
  7483 | D:8      | Found a shattered altar of Ashenzari.
  7484 | D:8      | Found a basalt altar of Yredelemnul.
  7503 | D:8      | Found a sand-covered staircase.
  7509 | Ossuary  | Entered an ossuary
  7568 | Ossuary  | Reached ***** piety under Trog
  7858 | D:8      | Found a staircase to the Lair.
  7876 | D:8      | Reached XP level 10. HP: 54/90 MP: 9/9
  7892 | D:8      | Reached skill level 11 in Short Blades
  7986 | Lair:1   | Entered Level 1 of the Lair of Beasts
  8176 | D:8      | Received a gift from Trog
  8338 | D:8      | Reached skill level 10 in Armour
  8469 | D:8      | Noticed a two-headed ogre
  8470 | D:8      | Found an ancient bone altar of Kikubaaqudgha.
  8480 | D:8      | Killed a two-headed ogre
  8480 | D:8      | Reached skill level 5 in Dodging
  9406 | D:9      | Noticed Erica
  9412 | D:9      | Reached skill level 12 in Short Blades
  9428 | D:8      | Killed Erica
  9799 | D:9      | Noticed Psyche
  9808 | D:9      | Killed Psyche
  9808 | D:9      | Reached skill level 10 in Fighting
  9809 | D:9      | Reached XP level 11. HP: 93/99 MP: 10/10
 10434 | D:9      | Reached skill level 1 in Throwing
 10576 | D:9      | Found a runed translucent gate.
 10577 | D:9      | Found a runed translucent gate.
 10577 | D:9      | Found a runed translucent gate.
 10578 | D:9      | Noticed Platt's ghost (novice MiBe)
 10584 | D:9      | Found a roughly hewn altar of Beogh.
 10587 | D:9      | Identified the cursed +1 battleaxe "Impbane" {chop, rN+}
 10587 | D:9      | Identified the +2 plate armour "Oguos" {Regen+ Str-5 Int+6}
 10606 | D:9      | Noticed Grum
 10618 | D:9      | Killed Grum
 10736 | D:9      | HP: 1/150 [Platt's ghost (13)]
 10737 | D:9      | Killed Platt's ghost
 10738 | D:9      | Slain by an orc warrior

Levels and vault maps discovered:
D:1:      minmay_arrival_nine_rooms, layout_loops_ring
D:2:      layout_rooms
D:3:      minmay_spotlight, layout_basic, first_ration
D:4:      layout_basic, nicolae_dithmenos_through_a_glass_darkly
D:5:      layout_layer_cave
D:6:      layout_basic, chequers_serial_rivers_micro_b, uniq_blork_the_orc
D:7:      minmay_polygon_palace, layout_basic, nicolae_overflow_crystal_walls,
          kennysheep_mini, minmay_temple_entry_enclosed_plants, serial_curves,
          eino_curves_02, eino_curves_03, grunt_ogre_cave, uniq_menkaure,
          uniq_pikel
D:8:      layout_layer_cave, old_standard_altar,
          gammafunk_temple_overflow_pools, minmay_lair_entry_grove, basic_altar,
          enter_ossuary_2
D:9:      layout_loops_ring, biasface_ghost_orc_armoury, uniq_erica,
          uniq_psyche, uniq_grum
Lair:1:   layout_regular_city, gauntlet_entry_generic, lemuel_fruit_fields,
          minmay_lair_oklob_chamber

Skill      XL: |  1  2  3  4  5  6  7  8  9 10 11 |
---------------+----------------------------------+-----
Fighting       | 4 5 6 7 8 10 | 10.3
Short Blades   | 4 5 6 8 10 12 | 12.4
Armour         | 3 4 5 6 7 9 11 | 11.5
Dodging        | 3 4 5 |  5.2
Long Blades    | 1 4 |  4.0
Stealth        | 1 |  1.2
Throwing       | 1 |  1.3

Action                   |  1- 3 |  4- 6 |  7- 9 | 10-12 || total
-------------------------+-------+-------+-------+-------++-------
Melee: Short sword       |    71 |    82 |       |       ||   153
       Headbutt          |    12 |    24 |   101 |    55 ||   192
       Falchion          |       |    32 |       |       ||    32
       Rapier            |       |    40 |   377 |   115 ||   532
       Scimitar          |       |       |       |    85 ||    85
Throw: Boomerang         |       |       |       |     7 ||     7
Invok: Berserk           |       |     2 |     7 |     6 ||    15
       Trog's Hand       |       |       |       |     1 ||     1
  Use: Potion            |       |     3 |     3 |     9 ||    15
       Scroll            |       |     8 |     3 |     1 ||    12
  Eat: Chunk             |       |    11 |    11 |    11 ||    33
       Ration            |       |       |     3 |     1 ||     4
Armor: Animal skin       |    14 |       |       |       ||    14
       Ring mail         |     7 |     4 |       |       ||    11
       Chain mail        |       |    63 |   175 |    74 ||   312
Dodge: Dodged            |    58 |    87 |   189 |    93 ||   427
       Rpst.: Falchion   |       |     7 |       |       ||     7
       Scimitar          |       |       |       |    19 ||    19
